 Dungeon Crawl Stone Soup version 0.30.0-13-g156ef70053 (webtiles) character file.

Game seed: 1900718314312204660

50596 dolemite99 the Cultivator (level 14, -2/123 HPs)
             Began as a Demonspawn Monk on May 17, 2023.
             Was a Believer of Fedhas.
             Slain by Azrael
             ... wielding a +4 scimitar of flaming
              (18 damage)
             ... on level 14 of the Dungeon on May 18, 2023.
             The game lasted 00:50:14 (44267 turns).

dolemite99 the Cultivator (Demonspawn Monk)        Turns: 44267, Time: 00:50:14

Health: -2/123     AC:  7    Str: 12      XL:     14   Next: 20%
Magic:  27/27      EV:  6    Int: 11      God:    Fedhas [**....]
Gold:   1465       SH:  0    Dex: 30 (31) Spells: 13/13 levels left

rFire   + + .        b - +1 scimitar
rCold   + + .        d - orb {light}
rNeg    . . .        J - +0 plate armour {rC+}
rPois   .            u - +1 helmet
rElec   .            I - scarf {rC+ rF+}
rCorr   .            (gloves unavailable)
SInv    .            U - +0 pair of boots
Will    +....        C - amulet of the acrobat Stlth
                     r - +6 ring of dexterity {=R}
HPRegen 0.40/turn    z - +6 ring of dexterity
MPRegen 0.20/turn

%: acrobat
@: corroded, glowing, studying Invocations
A: repulsion field 1, demonic guardian 2, condensation shield, demonic touch 3,
talons 1, deterioration 1, dopey 1, fire resistance 1
a: Renounce Religion, Wall of Briars


You were on level 14 of the Dungeon.
You worshipped Fedhas.
Fedhas was pleased with you.
You visited 3 branches of the dungeon, and saw 20 of its levels.
You also visited: Ice Cave.

You collected 2175 gold pieces.
You spent 710 gold pieces at shops.

Inventory:

Hand Weapons
 a - a +7 sling
 b - a +1 scimitar (weapon)
 f - a +2 dagger of flaming
 j - a +1 scimitar of distortion
 B - a +5 shortbow
 O - a +4 rapier
Missiles
 l - 6 stones
 q - 6 datura-tipped darts
 t - 13 boomerangs
 w - 39 poisoned darts
 M - 6 javelins
Armour
 d - an orb of light (worn)
 u - a +1 helmet (worn)
 G - a +0 cloak
 I - a scarf of resistance (worn)
 J - a +0 plate armour of cold resistance (worn)
 P - the +0 plate armour of the Cricket {rPois Dex+3}
   (You found it in an ice cave)

   Dex:       It affects your dexterity (+3).
   rPois:     It protects you from poison.
 U - a +0 pair of boots (worn)
Magical Staves
 k - a staff of cold
 m - a staff of air
 E - a staff of poison
Jewellery
 r - a +6 ring of dexterity (left hand) {=R}
 y - a ring of poison resistance
 z - a +6 ring of dexterity (right hand)
 C - an amulet of the acrobat (around neck)
 K - a ring of protection from fire
Wands
 g - a wand of polymorph (9)
 o - a wand of flame (2)
 S - a wand of digging (8)
Scrolls
 e - a scroll of poison
 h - 3 scrolls of fog
 s - 2 scrolls of silence
 x - 5 scrolls of teleportation
 N - 2 scrolls of vulnerability
 R - 3 scrolls of identify {@r1}
 W - 3 scrolls of magic mapping
Potions
 c - 5 potions of ambrosia
 i - a potion of invisibility
 n - 8 potions of attraction
 p - 4 potions of cancellation
 A - a potion of curing
 D - 2 potions of lignification
 H - 8 potions of brilliance
 T - 3 potions of magic


   Skills:
 - Level 15.3 Fighting
 - Level 8.4(10.1) Short Blades
 + Level 8.6(10.1) Long Blades
 - Level 9.3 Ranged Weapons
 - Level 5.2 Armour
 - Level 2.6 Dodging
 - Level 18.4 Invocations
 - Level 7.4 Evocations


You had 13 spell levels left.
You didn't know any spells.
Your spell library contained the following spells:

 Spells                   Type           Power      Damage    Failure   Level
 Apportation              Tloc           0%         N/A       100%        1
 Necrotise                Necr           0%         1d4       100%        1
 Summon Small Mammal      Summ           0%         N/A       100%        1
 Ensorcelled Hibernation  Hex/Ice        0%         N/A       100%        2
 Static Discharge         Conj/Air       0%         2-2/arc   100%        2
 Sublimation of Blood     Necr           0%         N/A       100%        2
 Vampiric Draining        Necr           0%         2d6       100%        3
 Airstrike                Air            0%         2d(0-16)  100%        4
 Animate Dead             Necr           0%         N/A       100%        4
 Petrify                  Tmut/Erth      0%         N/A       100%        4
 Summon Ice Beast         Ice/Summ       0%         N/A       100%        4
 Summon Lightning Spire   Summ/Air       0%         N/A       100%        4
 Agony                    Necr           0%         N/A       100%        5
 Borgnjor's Vile Clutch   Necr/Erth      0%         N/A       100%        5
 Irradiate                Conj/Tmut      0%         3d11      100%        5
 Summon Mana Viper        Hex/Summ       0%         N/A       100%        5
 Death Channel            Necr           0%         N/A       100%        6
 Iron Shot                Conj/Erth      0%         9d1       100%        6
 Haunt                    Necr/Summ      0%         N/A       100%        7
 Monstrous Menagerie      Summ           0%         N/A       100%        7
 Infestation              Necr           0%         N/A       100%        8


Dungeon Overview and Level Annotations

Branches:
Dungeon (14/15)            Temple (0/1) D:6            Lair (5/5) D:11
  Swamp (0/4) Lair:3        Snake (0/4) Lair:2        Slime (0/5) Lair:4
    Orc (1/2) D:10          IceCv (visited)
 Vaults: D:13-14

Altars:
Fedhas
Hepliaklqana
Makhleb
Nemelex Xobeh
Qazlal
Uskayaw
Vehumet
Wu Jian
Xom
Jiyva

Shops:
D:2 (([   D:4 ?   D:7 *   D:14 ?

Annotations:
D:3 1 runed translucent door, Strat's ghost, weakling GrRe
D:8 1 runed translucent door
D:9 3 runed translucent doors, exclusion: ice statue, Liamsmithers's ghost, novice HuBe
D:14 1 runed translucent door, Azrael; pdpol's ghost, journeyman MiFi
Lair:3 1 runed translucent door, exclusion: downstairs, Pegitz's ghost, journeyman GrBe


Innate Abilities, Weirdness & Mutations

You are surrounded by a mild repulsion field. (EV +2)
A demonic guardian rushes to your aid.
A meltable shield of frost defends you. (SH +0)
Your touch may irresistibly damage your foes and sap their willpower.
You have sharp toenails.
Your body sometimes deteriorates upon taking damage.
You are dopey. (Int -2)
Your flesh is heat resistant. (rF+)


Message History

The hell hound barely misses you.
You hit the hell hound.
You kill the hell hound!
Fedhas accepts your kill.
Okay, then.
You slash the hell hound!
The hell hound is severely wounded.
The hell hound bites you but does no damage.
The hell hound bites you. The acid dragon spits acid at you.
The splash of acid hits you! The acid corrodes you!
You slash the hell hound!
You kill the hell hound!
Fedhas accepts your kill. Azrael gestures at you.
The sphere of damnation explodes!
The damnation engulfs you!!
The damnation engulfs Azrael.
Azrael completely resists.
You hit Azrael but do no damage.
Azrael hits you with a +4 scimitar of flaming!!
* * * LOW HITPOINT WARNING * * *
You hit Azrael but do no damage.
Azrael hits you with a +4 scimitar of flaming.
* * * LOW HITPOINT WARNING * * *
You hit Azrael but do no damage.
Azrael hits you with a +4 scimitar of flaming!
* * * LOW HITPOINT WARNING * * *
A demonic guardian appears!
Azrael burns you.
* * * LOW HITPOINT WARNING * * *
You feel better. The acid dragon bites you.
* * * LOW HITPOINT WARNING * * *
The acid dragon claws you.
* * * LOW HITPOINT WARNING * * *
Azrael hits you with a +4 scimitar of flaming!
* * * LOW HITPOINT WARNING * * *
Your ice devil hits Azrael.
Your ice devil freezes Azrael!
Azrael is frozen!
You feel better. The acid dragon barely misses you.
The acid dragon completely misses you.
Azrael hits you with a +4 scimitar of flaming!!
You die...
Fedhas appreciates your contribution to the ecosystem.

############## ##
#............○ §§
#######..........○○.
W§
#..........4☼h..R...
T§
#.........R#######..
## #...######@# #
#...# #D#
#######...# #.#
..........# #.#
..........# #.#
..........# #.#
..........# #.#
..........# #.#
..........# #..


You could see Azrael (ally target), an acid dragon and a friendly ice devil
(summoned).

Vanquished Creatures
  Josephine (Lair:4)
  Erolcha (D:11)
  A catoblepas (D:14)
  A hydra (Lair:2)
  A boulder beetle (D:13)
  4 centaur warriors (D:14)
  2 two-headed ogres (D:11)
  3 death yaks (Lair:4)
  A tengu warrior (D:14)
  Urug (Lair:1)
  Nergalle (D:11)
  Lodul (D:11)
  An orc knight (D:14)
  Pikel (D:7)
  3 cyclopes
  13 ugly things
  A faun (shapeshifter) (D:12)
  A manticore (D:12)
  A shining eye (shapeshifter) (D:14)
  Joseph (D:7)
  A gargoyle (D:10)
  Maggie (Lair:1)
  10 cane toads
  5 komodo dragons
  2 rime drakes
  2 tengu conjurers (D:14)
  A kobold demonologist (D:11)
  2 polar bears
  2 hornets
  A troll (shapeshifter) (D:14)
  A tarantella (shapeshifter) (D:14)
  7 trolls
  A raiju (shapeshifter) (D:14)
  Prince Ribbit (D:7)
  10 blink frogs
  9 slime creatures
  26 yaks
  3 wraiths
  2 vampires
  3 basilisks
  A fire elemental (D:14)
  2 chaos spawn (D:11)
  A steam dragon (D:10)
  9 vampire mosquitoes
  3 nagas (Lair:2)
  2 acid dragons
  Menkaure (D:7)
  8 water moccasins
  A floating eye (shapeshifter) (D:13)
  3 hell hounds (D:14)
  7 orc warriors
  A black bear (D:8)
  A wolf (Lair:1)
  13 ogres
  3 centaurs
  5 kobold brigands
  2 lemures (D:7)
  A gnoll sergeant (D:13)
  10 bullfrogs
  3 scorpions
  4 wights (D:8)
  A killer bee (D:11)
  3 jellies
  4 electric eels (D:11)
  3 hounds
  9 orc priests
  Crazy Yiuf (D:2)
  5 iguanas
  14 orc wizards
  2 polar bear simulacra (IceCv)
  A wolf simulacrum (IceCv)
  Robin (D:3)
  3 gnolls (D:13)
  8 adders
  A white imp (D:8)
  An ufetubus (D:4)
  2 worms
  4 dart slugs
  69 orcs
  4 bats
  8 endoplasms
  4 giant cockroaches
  16 goblins
  8 hobgoblins
  4 jackals
  2 quokkas (D:1)
  11 ball pythons
  3 frilled lizards
  21 kobolds
  4 rats
428 creatures vanquished.

Vanquished Creatures (collateral kills)
  A hydra (Lair:3)
  2 ugly things
  4 cane toads
  A rime drake (Lair:4)
  A komodo dragon (Lair:2)
  A troll (D:10)
  A hornet (D:9)
  2 slime creatures
  A wraith (Lair:4)
  5 yaks
  2 vampire mosquitoes
  A steam dragon (D:10)
  A water moccasin (Lair:2)
  2 orc warriors (D:9)
  4 wolves (Lair:1)
  A bullfrog (D:8)
  2 killer bees (D:11)
  An orc priest (D:9)
  Ijyb (D:4)
  An orc wizard (D:7)
  3 orcs
  74 ballistomycete spores
112 creatures vanquished.

Vanquished Creatures (others)
  A death yak (Lair:4)
  2 oklob plants (Lair:4)
  A water moccasin (Lair:4)
  An orc (D:10)
  9 ballistomycete spores
14 creatures vanquished.

Grand Total: 554 creatures vanquished

Notes
Turn   | Place    | Note
-------+----------+-------------------------------------------
     0 | D:1      | dolemite99 the Demonspawn Monk began the quest for the Orb.
     0 | D:1      | Reached XP level 1. HP: 18/18 MP: 1/1
   157 | D:1      | Gained mutation: You are surrounded by a mild repulsion
                  | field. (EV +2) [demonic ancestry]
   157 | D:1      | Reached XP level 2. HP: 14/24 MP: 2/2
   486 | D:1      | Found a faded altar of an unknown god.
   493 | D:1      | Prayed at the altar of an unknown god.
   493 | D:1      | Became a worshipper of Fedhas Madash
   493 | D:1      | Reached * piety under Fedhas
   493 | D:1      | Reached ** piety under Fedhas
   556 | D:1      | Reached *** piety under Fedhas
  1248 | D:2      | Found Jopon's Antique Weapon Emporium.
  1285 | D:2      | Gained mutation: A meltable shield of frost defends you.
                  | (SH +0) [demonic ancestry]
  1285 | D:2      | Reached XP level 3. HP: 29/29 MP: 3/3
  1315 | D:2      | Found Hawot's Antique Armour Emporium.
  1380 | D:2      | Reached skill level 1 in Invocations
  1422 | D:2      | Found Weunol's Antique Weapon Shop.
  1501 | D:2      | Reached skill level 1 in Ranged Weapons
  1513 | D:2      | Reached skill level 2 in Invocations
  1824 | D:2      | Reached XP level 4. HP: 35/35 MP: 5/5
  1854 | D:2      | Identified the +1 robe of Panentheism {rElec rPois Int-5}
  1921 | D:2      | Found a runed translucent door.
  1922 | D:2      | Noticed Crazy Yiuf
  2058 | D:3      | Noticed Robin
  2383 | D:3      | Killed Robin
  2384 | D:3      | Reached skill level 3 in Invocations
  2646 | D:3      | Reached **** piety under Fedhas
  2748 | D:3      | Found a runed translucent door.
  2748 | D:3      | Noticed Strat's ghost (weakling GrRe)
  2885 | D:3      | Reached XP level 5. HP: 29/41 MP: 7/7
  3285 | D:4      | Reached skill level 4 in Invocations
  3373 | D:4      | Reached XP level 6. HP: 35/47 MP: 9/9
  3557 | D:4      | Found a hazy altar of Hepliaklqana.
  3595 | D:4      | Reached skill level 5 in Invocations
  3661 | D:4      | Found Aphafyrghay's Magic Scroll Shop.
  3843 | D:4      | Bought a scroll of blinking for 82 gold pieces
  3843 | D:4      | Bought a scroll of noise for 11 gold pieces
  3846 | D:4      | Bought a scroll of teleportation for 33 gold pieces
  3884 | D:4      | Found a blossoming altar of Fedhas.
  4136 | D:4      | Found an ornate altar of the Wu Jian Council.
  4200 | D:4      | Noticed Ijyb
  4229 | D:4      | Killed Ijyb
  4617 | D:4      | Reached skill level 6 in Invocations
  5068 | D:5      | Entered Level 5 of the Dungeon
  5272 | D:5      | Gained mutation: Your touch may inflict minor irresistible
                  | damage on your foes. [demonic ancestry]
  5272 | D:5      | Reached XP level 7. HP: 46/52 MP: 11/11
  5610 | D:5      | Found a sparkling altar of Nemelex Xobeh.
  5610 | D:5      | Found a hide-covered altar of Uskayaw.
  5826 | D:4      | Bought a scroll of enchant weapon for 82 gold pieces
  6072 | D:6      | Reached skill level 7 in Invocations
  6235 | D:6      | Reached skill level 5 in Ranged Weapons
  7000 | D:6      | Found a staircase to the Ecumenical Temple.
  7035 | D:6      | Reached skill level 8 in Invocations
  7035 | D:6      | Reached XP level 8. HP: 56/58 MP: 12/14
  7804 | D:7      | Noticed Menkaure
  7820 | D:7      | Killed Menkaure
  7821 | D:7      | Reached skill level 9 in Invocations
  8126 | D:7      | Reached skill level 10 in Invocations
  8694 | D:7      | Noticed Joseph
  8704 | D:7      | Reached XP level 9. HP: 63/63 MP: 9/16
  8708 | D:7      | Noticed Prince Ribbit
  8709 | D:7      | Killed Joseph
  8710 | D:7      | Reached skill level 11 in Invocations
  9101 | D:7      | Killed Prince Ribbit
  9324 | D:7      | Noticed Pikel
  9347 | D:7      | Killed Pikel
  9348 | D:7      | Reached skill level 12 in Invocations
  9643 | D:7      | Identified a scroll of acquirement
  9643 | D:7      | Acquired a manual of Fighting
  9654 | D:7      | Found Hital's Assorted Antiques.
  9773 | D:7      | Bought a scroll of identify for 44 gold pieces
  9773 | D:7      | Bought a scroll labelled TUGGUTHOAVI for 22 gold pieces
  9773 | D:7      | Bought a lumpy black potion for 19 gold pieces
  9828 | D:7      | Reached skill level 5 in Fighting
 10191 | D:7      | Bought a scroll of teleportation for 66 gold pieces
 10805 | D:8      | Found a runed translucent door.
 10805 | D:8      | Found a burning altar of Makhleb.
 10805 | D:8      | Noticed a sixfirhy
 11253 | D:8      | Gained mutation: Your touch may inflict irresistible damage
                  | on your foes. [demonic ancestry]
 11253 | D:8      | Reached XP level 10. HP: 80/80 MP: 14/19
 11865 | D:8      | Found a radiant altar of Vehumet.
 12459 | D:9      | Reached skill level 1 in Short Blades
 13262 | D:9      | Found a runed translucent gate.
 13262 | D:9      | Found a runed translucent gate.
 13262 | D:9      | Found a runed translucent gate.
 13266 | D:9      | Noticed Liamsmithers's ghost (novice HuBe)
 13529 | D:9      | Noticed an ice statue
 13560 | D:9      | Reached skill level 5 in Short Blades
 13842 | D:10     | Entered Level 10 of the Dungeon
 13842 | D:10     | You fall into a shaft and drop 3 floors!
 13862 | D:12     | Noticed a manticore
 13872 | D:12     | Killed a manticore
 14447 | D:11     | Found a shimmering altar of Xom.
 14656 | D:11     | Noticed Lodul
 14948 | D:10     | Gained mutation: A weak demonic guardian rushes to your
                  | aid. [demonic ancestry]
 14948 | D:10     | Reached XP level 11. HP: 49/90 MP: 20/20
 15053 | D:10     | Found a staircase to the Orcish Mines.
 16496 | D:10     | Reached skill level 10 in Fighting
 17119 | D:10     | Reached skill level 1 in Evocations
 17622 | D:2      | Bought a glowing scimitar for 161 gold pieces
 17907 | D:2      | Killed Crazy Yiuf
 18705 | D:11     | Noticed Erolcha
 18720 | D:11     | Killed Erolcha
 18886 | D:11     | Reached skill level 5 in Evocations
 18983 | D:11     | Killed Lodul
 18988 | D:11     | Noticed a two-headed ogre
 19008 | D:11     | Killed a two-headed ogre
 19058 | D:11     | Noticed Nergalle
 19067 | D:11     | Killed Nergalle
 19401 | D:11     | Noticed a two-headed ogre
 19764 | D:11     | Found a staircase to the Lair.
 19771 | Lair:1   | Entered Level 1 of the Lair of Beasts
 19771 | Lair:1   | Noticed Urug
 19782 | Lair:1   | Killed Urug
 20226 | Lair:1   | Gained mutation: A demonic guardian rushes to your aid.
                  | [demonic ancestry]
 20226 | Lair:1   | Reached XP level 12. HP: 67/102 MP: 21/21
 21011 | Lair:1   | Noticed Maggie
 21015 | Lair:1   | Killed Maggie
 21275 | Lair:1   | Acquired 573 gold pieces
 22704 | Lair:2   | Noticed a seven-headed hydra
 22713 | Lair:2   | Killed a seven-headed hydra
 22714 | Lair:2   | Reached skill level 13 in Invocations
 22979 | Lair:2   | Found a staircase to the Snake Pit.
 23932 | Lair:3   | Found a runed translucent door.
 23932 | Lair:3   | Found a shimmering altar of Xom.
 23932 | Lair:3   | Noticed Pegitz's ghost (journeyman GrBe)
 23982 | Lair:3   | Found a staircase to the Swamp.
 24024 | Lair:3   | Identified the +0 scale mail of Uskayaw's Benevolence
                  | {Harm}
 25242 | Lair:4   | Noticed a death yak
 25242 | Lair:4   | Noticed a death yak
 25242 | Lair:4   | Noticed a death yak
 25242 | Lair:4   | Noticed a death yak
 25242 | Lair:4   | Noticed a death yak
 25242 | Lair:4   | Noticed a death yak
 25456 | Lair:4   | Acquired a manual of Invocations
 25552 | Lair:4   | Reached skill level 14 in Invocations
 25999 | Lair:4   | Found a viscous altar of Jiyva.
 26000 | Lair:4   | Found a staircase to the Slime Pits.
 26574 | D:11     | Found the +7 mace of Variability {chaos, chaos arc}
 27120 | D:11     | Killed a two-headed ogre
 27121 | D:11     | Reached skill level 15 in Invocations
 27393 | D:12     | Found a stormy altar of Qazlal.
 27513 | D:7      | Bought an ivory wand for 88 gold pieces
 27777 | D:12     | Gained mutation: Your touch may irresistibly damage your
                  | foes and sap their willpower. [demonic ancestry]
 27777 | D:12     | Reached XP level 13. HP: 92/114 MP: 22/24
 28573 | D:12     | Reached skill level 16 in Invocations
 29498 | Lair:4   | Reached skill level 17 in Invocations
 30092 | Lair:4   | Reached skill level 15 in Fighting
 31524 | Lair:4   | Noticed Josephine
 32696 | Lair:4   | Killed Josephine
 32735 | Lair:4   | Reached skill level 18 in Invocations
 34026 | Lair:5   | Entered Level 5 of the Lair of Beasts
 34148 | Orc:1    | Entered Level 1 of the Orcish Mines
 34148 | Orc:1    | Found a frozen archway.
 34149 | Orc:1    | Upgraded the game from 0.30.0-11-gf55b779eaf to
                  | 0.30.0-13-g156ef70053
 34160 | IceCv    | Entered an ice cave
 34172 | IceCv    | Found a transporter.
 34564 | IceCv    | Found a transporter.
 34696 | IceCv    | Identified the +0 plate armour of the Cricket {rPois Dex+3}
 35421 | Orc:1    | Noticed an orc warlord
 35565 | D:9      | Reached skill level 1 in Armour
 40111 | D:13     | Reached skill level 5 in Armour
 41055 | D:14     | Reached skill level 5 in Long Blades
 41633 | D:14     | Gained mutation: Your magical capacity is low. (-10% MP) [a
                  | shining eye]
 41635 | D:14     | Gained mutation: Armour fits poorly on your strangely
                  | shaped body. [a shining eye]
 41638 | D:14     | Gained mutation: You are dopey. (Int -2) [a shining eye]
 41639 | D:14     | Gained mutation: Your body sometimes deteriorates upon
                  | taking damage. [a shining eye]
 42307 | D:10     | Lost mutation: Armour fits poorly on your strangely shaped
                  | body. [potion of mutation]
 42307 | D:10     | Lost mutation: Your magical capacity is low. (-10% MP)
                  | [potion of mutation]
 42307 | D:10     | Gained mutation: You have sharp toenails. [potion of
                  | mutation]
 42307 | D:10     | Gained mutation: Your flesh is heat resistant. (rF+)
                  | [potion of mutation]
 43259 | D:14     | Got the Essays on Hail and Arcane Weapons
 43332 | D:14     | Found The Oracle's Delphic Readings.
 43342 | D:14     | Bought a scroll of teleportation for 51 gold pieces
 43342 | D:14     | Bought a scroll of teleportation for 51 gold pieces
 43418 | D:14     | Reached XP level 14. HP: 105/123 MP: 23/27
 43681 | D:14     | Found a runed translucent door.
 43683 | D:14     | Noticed pdpol's ghost (journeyman MiFi)
 44246 | D:14     | Noticed Azrael
 44266 | D:14     | HP: 6/123 [Azrael/+4 scimitar of flaming (14)]
 44267 | D:14     | Slain by Azrael

Illustrated notes

Levels and vault maps discovered:
D:1:      dpeg_arrival_round_c, layout_basic,
          shapermc_ecumenical_altar_totnotflames, st_stairs_8
D:2:      layout_basic, serial_shops, nicolae_diamond_shop, shop,
          nicolae_shop_real_fake_doors, uniq_crazy_yiuf_cottage
D:3:      layout_basic, gammafunk_ghost_grave, kennysheep_flooded_box,
          uniq_robin
D:4:      layout_basic, mainiacjoe_overflow_six_doors_small, fedhas_altar_3,
          lemuel_doored_altar, serial_shops, nicolae_stop_n_shop_1,
          hangedman_minor_gate_pass, uniq_ijyb
D:5:      cheibrodos_iron_armory, layout_loops_ring,
          gammafunk_temple_overflow_elements, chequers_jeans
D:6:      layout_cave_pods, minmay_temple_entry_enclosed_plants
D:7:      layout_rooms, serial_shops, shop, uniq_pikel, uniq_joseph,
          uniq_menkaure, uniq_prince_ribbit1
D:8:      layout_loops_ring, nzn_makhleb_speed_demon, kennysheep_little_box
D:9:      minmay_statue_hallways, layout_basic, ebering_ghost_rock_garden
D:10:     layout_basic, hiddenorc2_lemuel, enter_bailey_2
D:11:     layout_basic, grunt_lair_entry_orc_guard_hut,
          minmay_guarded_unrand_variability, uniq_nergalle, uniq_lodul,
          uniq_erolcha
D:12:     layout_irregular_city, nicolae_qazlal_style_of_elements
D:13:     layout_loops_ring, nicolae_twisting_strands,
          chequers_serial_rivers_small_3, grunt_ministairs_14
D:14:     layout_irregular_city, david_vaults_5, ebering_ghost_inner_flame,
          nicolae_nh_oracle_at_delphi, uniq_azrael
Lair:1:   layout_regular_city, uniq_maggie, uniq_urug
Lair:2:   layout_chaotic_city, guppyfry_snake_entry_garden
Lair:3:   layout_regular_city, swamp_mist, ebering_ghost_xom,
          chequers_serial_rivers_marsh
Lair:4:   layout_regular_city, minmay_slime_entry_oklob_open, uniq_josephine
Lair:5:   hellmonk_lair_end_abyssal_woods, layout_hall_layers,
          grunt_megastairs_3, uniq_snorg
Orc:1:    layout_diamond_mine, portal_ice_cave_entry_pillars_2, uniq_erica

Skill      XL: |  1  2  3  4  5  6  7  8  9 10 11 12 13 14 |
---------------+-------------------------------------------+-----
Long Blades    | 3 7 8 |  8.6
Invocations    | 2 3 4 6 8 10 12 15 18 | 18.4
Ranged Weapons | 1 2 3 4 5 7 8 9 |  9.3
Fighting       | 7 9 12 14 15 | 15.3
Short Blades   | 7 8 |  8.4
Evocations     | 7 |  7.4
Armour         | 5 |  5.2
Dodging        | |  2.6

Action                     |  1- 3 |  4- 6 |  7- 9 | 10-12 | 13-15 || total
---------------------------+-------+-------+-------+-------+-------++-------
  Melee: Falchion          |    39 |    13 |       |       |       ||    52
         Rapier            |       |       |       |    83 |    44 ||   127
         Sling             |       |       |       |     1 |       ||     1
         Scimitar          |       |       |       |       |   139 ||   139
   Fire: Sling             |    34 |   163 |   206 |   594 |   295 ||  1292
  Throw: Dart              |       |       |       |       |    16 ||    16
 Invoke: Grow Ballistomyce |       |     2 |    12 |     8 |     4 ||    26
         Wall of Briars    |       |     1 |     1 |    33 |     9 ||    44
  Evoke: Wand              |       |       |       |    72 |    55 ||   127
    Use: Scroll            |       |       |    17 |    22 |    22 ||    61
         Potion            |       |       |       |     6 |    15 ||    21
   Stab: Paralysed         |       |       |       |     2 |       ||     2
         Distracted        |       |       |       |       |     1 ||     1
         Confused          |       |       |       |       |     1 ||     1
 Armour: Robe              |     1 |       |       |       |       ||     1
         Scale mail        |    21 |    52 |    25 |    49 |    32 ||   179
         Troll leather arm |       |       |       |    30 |       ||    30
         Plate armour      |       |       |       |       |   252 ||   252
  Dodge: Dodged            |    44 |   108 |    63 |   281 |   207 ||   703
  Block: Orb               |     4 |    32 |    20 |    61 |    61 ||   178
